 Dungeon Crawl Stone Soup version 0.19.4-10-g532645f (webtiles) character file.

15 Lostpass the Grasshopper (level 2, 0/19 HPs)
             Began as a Halfling Warper on Feb 26, 2017.
             Slain by a gnoll
             ... wielding a +0 halberd
              (8 damage)
             ... on level 1 of the Dungeon.
             The game lasted 00:07:40 (479 turns).

Lostpass the Grasshopper (Halfling Warper)           Turns: 479, Time: 00:07:40

Health: 0/19       AC:  3    Str: 12    XL:     2   Next: 65%
Magic:  2/13       EV: 14    Int: 11    God:
Gold:   12         SH:  0    Dex: 13    Spells: 2 memorised, 0 levels left

rFire  . . .     SeeInvis .     a - +0 short sword
rCold  . . .     Gourm    .     k - +0 leather armour
rNeg   . . .     Faith    .     (shield restricted)
rPois  .         Spirit   .     (no helmet)
rElec  .         Reflect  .     (no cloak)
rCorr  .         Harm     .     (no gloves)
MR     .....                    (no boots)
Stlth  +.........               (no amulet)
                                (no ring)
                                m - ring of magical power

@: very slightly contaminated
A: mutation resistance 1
a: no special abilities


You were on level 1 of the Dungeon.
You were not hungry.

You visited 1 branch of the dungeon, and saw 1 of its levels.

You collected 12 gold pieces.

Inventory:

Hand Weapons
 a - a +0 short sword (weapon)
 b - a +0 hunting sling
 g - a +0 dagger
Missiles
 e - 3 tomahawks of dispersal (quivered)
Armour
 k - a +0 leather armour (worn)
Jewellery
 m - a ring of magical power (left hand)
Scrolls
 d - a scroll of blinking
 i - a scroll of noise {unknown}
 l - a scroll of identify {unknown}
Books
 c - a book of Spatial Translocations

   Spells                             Type                      Level
   a - Blink                          Translocation                2
   b - Shroud of Golubria             Charms/Translocation         2
   c - Lesser Beckoning               Translocation                3
   d - Portal Projectile              Translocation                3
   e - Teleport Other                 Translocation                3
   f - Passage of Golubria            Translocation                4
Comestibles
 f - a bread ration
 h - a chunk of flesh


   Skills:
 + Level 1.9 Fighting
 + Level 2.8 Short Blades
 + Level 1.0 Throwing
 + Level 1.3 Armour
 + Level 2.3 Dodging
 + Level 1.8 Spellcasting
 + Level 3.3 Translocations


You couldn't memorise any spells.
You knew the following spells:

 Your Spells              Type           Power        Failure   Level  Hunger
a - Blink                 Tloc           N/A          17%         2    ###....
b - Shroud of Golubria    Chrm/Tloc      #.........   30%         2    ###....


Dungeon Overview and Level Annotations

Branches:
Dungeon (1/15)

Altars:


Innate Abilities, Weirdness & Mutations

You are small and have problems with some larger weapons.
You are somewhat resistant to further mutation.


Message History

The gnoll hits you with a halberd!
Ouch! That really hurt!
Throwing (i - inventory):
e - 4 tomahawks of dispersal (quivered)
Press: ? - help, Shift-Dir - straight line, f/p - gnoll
Aim: a gnoll, wielding a halberd (lightly wounded)
You throw a tomahawk of dispersal.
The tomahawk of dispersal barely misses the gnoll.
The gnoll misses you.
You hit the gnoll.
The gnoll is moderately wounded.
The gnoll misses you.
You hit the gnoll.
The gnoll is moderately wounded.
The gnoll barely misses you.
You hit the gnoll.
The gnoll is heavily wounded.
You barely miss the gnoll.
The gnoll is heavily wounded.
The gnoll hits you with a halberd!
You die...

############
#############(..........
.........#..............
#.......................
#.....§.......(..#......
.............†...#......
.#......................
................g.......
................@.......
.#..........#...........
##...##..#..#...........
#.......#..#.###.......
#.......#..#.. .......
#........ . #####..
##.#...## # ###### #
#.#...# #..<.# #.#...#
#....#


You could see a gnoll.

Vanquished Creatures
  An ooze (D:1)
  3 goblins (D:1)
  A hobgoblin (D:1)
  3 bats (D:1)
  A frilled lizard (D:1)
  2 kobolds (D:1)
11 creatures vanquished.

Notes
Turn   | Place    | Note
-------+----------+-------------------------------------------
     0 | D:1      | Lostpass the Halfling Warper began the quest for the Orb.
     0 | D:1      | Reached XP level 1. HP: 14/14 MP: 3/3
   138 | D:1      | Reached XP level 2. HP: 18/19 MP: 4/4
   164 | D:1      | Learned a level 2 spell: Blink
   167 | D:1      | Learned a level 2 spell: Shroud of Golubria
   479 | D:1      | Slain by a gnoll

Action                   || total
-------------------------++-------
Melee: Short sword       ||    44
 Fire: Hunting sling     ||     4
Throw: Stone             ||     9
       Tomahawk          ||     2
 Cast: Blink             ||     3
       Shroud of Golubri ||     2
Armor: Leather armour    ||    10
Dodge: Dodged            ||    48
